 Dungeon Crawl Stone Soup version 0.32-a0-86-g8db1b9f803 (webtiles) character file.

Game seed: 10703499585071461021

34 pokeman the Magician (level 3, -1/20 HPs)
             Began as a Deep Elf Hedge Wizard on Feb 5, 2024.
             Succumbed to an adder's poison
             ... on level 2 of the Dungeon.
             The game lasted 00:01:52 (1546 turns).

pokeman the Magician (Deep Elf Hedge Wizard)        Turns: 1546, Time: 00:01:52

Health: -1/20      AC:  2    Str:  7    XL:     3   Next: 14%
Magic:  4/11       EV: 12    Int: 20    God:
Gold:   69         SH:  0    Dex: 14    Spells: 4/12 levels left

rFire   . . .        h - +3 dagger
rCold   . . .        (no shield)
rNeg    . . .        b - +0 robe
rPois   .            c - +0 hat
rElec   .            (no cloak)
rCorr   .            (no gloves)
SInv    .            (no boots)
Will    .....        (no amulet)
Stlth   ++           g - ring of wizardry
HPRegen 0.23/turn    a - ring of flight
MPRegen 0.12/turn

%: wizardry (x1)
@: brilliant, lethally poisoned (-1 -> -9), flying
A: no striking features
a: no special abilities


You were on level 2 of the Dungeon.
You visited 1 branch of the dungeon, and saw 2 of its levels.

You collected 69 gold pieces.

Inventory:

Hand Weapons
 h - a +3 dagger (weapon)
Armour
 b - a +0 robe (worn)
 c - a +0 hat (worn)
Jewellery
 a - a ring of flight (right hand)
 g - a ring of wizardry (left hand)
Scrolls
 e - 2 scrolls of identify {unknown}
Potions
 d - a potion of magic


   Skills:
 + Level 0.7 Fighting
 + Level 0.7 Armour
 - Level 2.4 Dodging
 - Level 2.4 Stealth
 * Level 5.1 Spellcasting
 + Level 1.9 Conjurations
 - Level 1.1 Summonings
 - Level 1.1 Translocations


You had 4 spell levels left.
You knew the following spells:

 Your Spells              Type           Power      Damage    Failure   Level
a - Magic Dart            Conj           76%        1d6       2%          1
b - Mephitic Cloud        Conj/Alch/Air  11%        N/A       11%         3
c - Call Imp              Summ           28%        N/A       4%          2
d - Blink                 Tloc           28%        N/A       4%          2

Your spell library contained the following spells:

 Spells                   Type           Power      Damage    Failure   Level
 Slow                     Hex            28%        N/A       4%          1
 Cigotuvi's Dreadful Rot  Necr/Alch/Air  14%        N/A       7%          2


Dungeon Overview and Level Annotations

Branches:
Dungeon (2/15)

Altars:


Message History

Press: ? - help, Shift-Dir - straight line, f/p - adder
Aim: an adder (moderately wounded, 100% to hit)
The magic dart hits the adder.
The adder is heavily wounded.
You feel sick. The adder closely misses you.
The adder bites you but does no damage.
Casting: Magic Dart (safe; 2% risk of failure)
Confirm with . or Enter, or press ? or * to list all spells.
Aiming: Magic Dart (safe; 2% risk of failure)
Press: ? - help, Shift-Dir - straight line, f/p - adder
Aim: an adder (heavily wounded, 100% to hit)
The magic dart hits the adder.
The adder is heavily wounded.
You feel sick. The adder bites you.
You are more poisoned.
The adder poisons you!
Casting: Magic Dart (safe; 2% risk of failure)
Confirm with . or Enter, or press ? or * to list all spells.
Aiming: Magic Dart (safe; 2% risk of failure)
Press: ? - help, Shift-Dir - straight line, f/p - adder
Aim: an adder (heavily wounded, 100% to hit)
The magic dart hits the adder.
The adder is almost dead.
You feel sick. The adder bites you.
* * * LOW HITPOINT WARNING * * *
It was a potion of brilliance.
You feel clever all of a sudden.
* * * LOW HITPOINT WARNING * * *
You feel sick. The adder bites you.
* * * LOW HITPOINT WARNING * * *
You are more poisoned.
The adder poisons you! The adder closely misses you.
Casting: Magic Dart (safe; 2% risk of failure)
Confirm with . or Enter, or press ? or * to list all spells.
Aiming: Magic Dart (safe; 2% risk of failure)
Press: ? - help, Shift-Dir - straight line, f/p - adder
Aim: an adder (almost dead, 100% to hit)
You feel a surge of power!
The magic dart hits the adder.
You kill the adder!
You die...

#. #.# #.# #. #.#
... #.# .... #)#
..... #.##......
##.#####.........
#.....@†J#...##..
########<........
###...###. ##..!.
.... ...# ...#


You could see an endoplasm.

Vanquished Creatures
  An adder (D:2)
  A dart slug (D:1)
  3 endoplasms
  A giant cockroach (D:1)
  3 goblins (D:1)
  4 hobgoblins
  2 jackals (D:1)
  A quokka (D:1)
  5 ball pythons (D:1)
  3 bats (D:1)
  3 frilled lizards
  A kobold (D:2)
  3 rats (D:1)
31 creatures vanquished.

Notes
Turn   | Place    | Note
-------+----------+-------------------------------------------
     0 | D:1      | pokeman the Deep Elf Hedge Wizard began the quest for the
                  | Orb.
     0 | D:1      | Reached XP level 1. HP: 10/10 MP: 7/7
     0 | D:1      | Noticed a large abomination
     0 | D:1      | Noticed a small abomination
     1 | D:1      | Noticed a large abomination
     3 | D:1      | Noticed a large abomination
     3 | D:1      | Noticed a large abomination
     5 | D:1      | Noticed a large abomination
     6 | D:1      | Noticed a large abomination
     7 | D:1      | Noticed a large abomination
     8 | D:1      | Noticed a large abomination
    10 | D:1      | Noticed a large abomination
    10 | D:1      | Noticed a large abomination
    12 | D:1      | Noticed a large abomination
    12 | D:1      | Noticed a large abomination
    14 | D:1      | Noticed a large abomination
    14 | D:1      | Noticed a large abomination
    14 | D:1      | Noticed a small abomination
    16 | D:1      | Noticed a large abomination
    16 | D:1      | Noticed a large abomination
    16 | D:1      | Noticed a large abomination
    18 | D:1      | Noticed a large abomination
    20 | D:1      | Noticed a large abomination
   487 | D:1      | Reached XP level 2. HP: 16/16 MP: 4/9
   954 | D:1      | Reached skill level 5 in Spellcasting
  1359 | D:2      | Reached XP level 3. HP: 16/20 MP: 2/11
  1363 | D:2      | Learned a level 3 spell: Mephitic Cloud
  1366 | D:2      | Learned a level 2 spell: Call Imp
  1369 | D:2      | Learned a level 2 spell: Blink
  1545 | D:2      | HP: 1/20 [adder (1)]
  1546 | D:2      | Succumbed to an adder's poison

Illustrated notes

Levels and vault maps discovered:
D:1:      shiori_arrival_whats_in_store_for_you, layout_loops_corners
D:2:      layout_basic, serial_shops, nicolae_shop_overgrown_old_shop,
          st_stairs_4, uniq_terence

Skill      XL: |  1  2 |
---------------+-------+-----
Spellcasting   | 5 |  5.1
Fighting       | |  0.7
Armour         | |  0.7
Dodging        | |  2.4
Stealth        | |  2.4
Conjurations   | |  1.9
Summonings     | |  1.1
Translocations | |  1.1

Action                     || total
---------------------------++-------
  Melee: Dagger            ||     3
   Cast: Magic Dart        ||    87
    Use: Potion            ||     1
 Armour: Robe              ||    16
  Dodge: Dodged            ||    17

Table legend: (Time is in decaauts)
 A = Elapsed time spent in this place.
 B = Non-inter-level travel time spent in this place.
 C = Inter-level travel time spent in this place.
 D = Time resting spent in this place.
 E = Time spent auto-exploring this place.
 F = Levels seen in this place.
 G = Mean time per level.
                   A        B        C        D        E       F      G
               +--------+--------+--------+--------+--------+-----+--------+
         Total |   1545 |   1524 |     21 |     61 |   1308 |   2 |  772.5 |
       Dungeon |   1545 |   1524 |     21 |     61 |   1308 |   2 |  772.5 |
               +--------+--------+--------+--------+--------+-----+--------+

Top non-repeatable levels by time:
     D:1: 1414 daAuts
     D:2: 131 daAuts
